IL
EL PASO CHIHUAHUAS @ IOWA CUBS
04/09/2048
 
TOP OF THE 1ST
El Paso Chihuahuas batting - Pitching for Iowa Cubs : RHP Nicolai Volnov
Pitching: RHP Nicolai Volnov
Batting: LHB Angel Mejia 0-0: Ball
1-0: Foul Ball, location: 2F
1-1: Ball
2-1: Ball
3-1: Foul Ball, location: 2F
3-2: Ground out 4-3 (Groundball, 4, EV 86.9 MPH)
Batting: RHB Lamberto Amicis 0-0: SINGLE (Groundball, 6MD, EV 101.2 MPH)
Batting: RHB Chase Briney 0-0: Foul Ball, location: 2F
0-1: Foul Ball, location: 2F
0-2: Foul Ball, location: 2F
0-2: Ball
1-2: Ball
2-2: Ball
3-2: SINGLE (Line Drive, 78S, EV 90.0 MPH)
Lamberto Amicis to second
Lamberto Amicis to third
Batting: RHB Roberto Lemus 0-0: Called Strike
0-1: Swinging Strike
0-2: Ball
1-2: Ball
2-2: Fielders Choice at 2nd, 5-4 (Groundball, 56, EV 104.4 MPH)
Lamberto Amicis scores
Batting: RHB Eric Sandell 0-0: Ball
Roberto Lemus is caught stealing 2nd base 2-4
Top of the 1st over - 1 run, 2 hits, 0 errors, 0 left on base; El Paso 1 - Iowa 0
BOTTOM OF THE 1ST
Iowa Cubs batting - Pitching for El Paso Chihuahuas : RHP Jorge Guerrero
Pitching: RHP Jorge Guerrero
Batting: LHB Sumiki Okuhara 0-0: Ball
1-0: Ball
2-0: Foul Ball, location: 2F
2-1: Ball
3-1: Foul Ball, location: 2F
3-2: Ground out 4-3 (Groundball, 4, EV 82.5 MPH)
Batting: RHB Jon Aguilar 0-0: Called Strike
0-1: Reached on error, E6 (Groundball, 6, EV 81.9 MPH)
Batting: LHB Mark Ingram 0-0: Ball
Jon Aguilar is caught stealing 2nd base 2-6
1-0: Foul Ball, location: 2F
1-1: Swinging Strike
1-2: Ball
2-2: Ball
3-2: Base on Balls
Batting: RHB Ricardo Aguinaga 0-0: Ball
1-0: Called Strike
1-1: Ball
2-1: Foul Ball, location: 2F
2-2: Foul Ball, location: 2F
2-2: Ground out 5-3 (Groundball, 56S, EV 83.8 MPH)
Bottom of the 1st over - 0 runs, 0 hits, 1 error, 1 left on base; El Paso 1 - Iowa 0
TOP OF THE 2ND
El Paso Chihuahuas batting - Pitching for Iowa Cubs : RHP Nicolai Volnov
Batting: RHB Eric Sandell 0-0: Swinging Strike
0-1: Swinging Strike
0-2: Strikes out looking
Batting: LHB Anthony Mosley 0-0: Ball
1-0: Ground out 4-3 (Groundball, 4, EV 103.8 MPH)
Batting: RHB Kiril Emeshin 0-0: Ball
1-0: Called Strike
1-1: Ball
2-1: Foul Ball, location: 2F
2-2: SINGLE (Groundball, 56S, EV 70.0 MPH) (infield hit)
Batting: LHB Hugo MacBeth 0-0: Foul Ball, location: 2F
0-1: Swinging Strike
0-2: Ball
1-2: Strikes out swinging
Top of the 2nd over - 0 runs, 1 hit, 0 errors, 1 left on base; El Paso 1 - Iowa 0
BOTTOM OF THE 2ND
Iowa Cubs batting - Pitching for El Paso Chihuahuas : RHP Jorge Guerrero
Batting: SHB Gabriel Cruz 0-0: Ball
1-0: Foul Ball, location: 2F
1-1: Ground out 4-3 (Groundball, 4S, EV 87.5 MPH)
Batting: RHB Adam O'Hare 0-0: Ball
1-0: Called Strike
1-1: Ground out 4-3 (Groundball, 34, EV 103.1 MPH)
Batting: RHB Pat Barton 0-0: Swinging Strike
0-1: Ball
1-1: Ball
2-1: Ball
3-1: Base on Balls
Batting: RHB Rich Thurman 0-0: Ball
1-0: Ball
2-0: Foul Ball, location: 2F
2-1: Foul Ball, location: 2F
2-2: Strikes out looking
Bottom of the 2nd over - 0 runs, 0 hits, 0 errors, 1 left on base; El Paso 1 - Iowa 0
TOP OF THE 3RD
El Paso Chihuahuas batting - Pitching for Iowa Cubs : RHP Nicolai Volnov
Batting: SHB Blake Abbott 0-0: Swinging Strike
0-1: Ball
1-1: Called Strike
1-2: Foul Ball, location: 2F
1-2: Ground out U3 (Groundball, 3, EV 102.5 MPH)
Batting: LHB Angel Mejia 0-0: Called Strike
0-1: Foul Ball, location: 2F
0-2: Ball
1-2: Strikes out swinging
Batting: RHB Lamberto Amicis 0-0: Ball
1-0: Ball
2-0: Ground out 5-3 (Groundball, 5, EV 83.8 MPH)
Top of the 3rd over - 0 runs, 0 hits, 0 errors, 0 left on base; El Paso 1 - Iowa 0
BOTTOM OF THE 3RD
Iowa Cubs batting - Pitching for El Paso Chihuahuas : RHP Jorge Guerrero
Batting: RHB Tony Mendez 0-0: Reached on error, E6 (Groundball, 6, EV 78.8 MPH)
Batting: LHB Sumiki Okuhara 0-0: Ball
1-0: Called Strike
1-1: Foul Ball, location: 2F
1-2: Strikes out swinging
Batting: RHB Jon Aguilar 0-0: Ball
1-0: SINGLE (Groundball, 6M, EV 97.5 MPH) (infield hit)
Tony Mendez to second
Batting: LHB Mark Ingram 0-0: Fielders Choice at 2nd, 3-6 (Groundball, 3, EV 87.5 MPH)
Tony Mendez to third
Batting: RHB Ricardo Aguinaga 0-0: Ball
1-0: Foul Ball, location: 2F
1-1: Ball
2-1: Foul Ball, location: 2F
2-2: Ball
3-2: SINGLE (Groundball, 6MD, EV 95.0 MPH)
Tony Mendez scores
Mark Ingram to second
Mark Ingram to third
Batting: SHB Gabriel Cruz 0-0: Ball
1-0: Called Strike
1-1: Ball
2-1: Foul Ball, location: 2F
2-2: Foul Ball, location: 2F
2-2: Fly out, F8 (Flyball, 8RXD, EV 100.0 MPH)
Bottom of the 3rd over - 1 run, 2 hits, 1 error, 2 left on base; El Paso 1 - Iowa 1
TOP OF THE 4TH
El Paso Chihuahuas batting - Pitching for Iowa Cubs : RHP Nicolai Volnov
Batting: RHB Chase Briney 0-0: Foul Ball, location: 2F
0-1: Fly out, F8 (Flyball, 89D, EV 80.6 MPH)
Batting: RHB Roberto Lemus 0-0: Ball
1-0: Ball
2-0: Ball
3-0: Base on Balls
Batting: RHB Eric Sandell 0-0: Ball
Wild Pitch!
Roberto Lemus to second
1-0: Ball
2-0: Ground out 2-3 (Groundball, 15S, EV 71.2 MPH)
Roberto Lemus to third
Batting: LHB Anthony Mosley 0-0: Called Strike
0-1: Ball
1-1: Foul Ball, location: 2F
1-2: Ball
2-2: Ball
3-2: Foul Ball, location: 2F
3-2: Foul Ball, location: 2F
3-2: Strikes out looking
Top of the 4th over - 0 runs, 0 hits, 0 errors, 1 left on base; El Paso 1 - Iowa 1
BOTTOM OF THE 4TH
Iowa Cubs batting - Pitching for El Paso Chihuahuas : RHP Jorge Guerrero
Batting: RHB Adam O'Hare 0-0: Called Strike
0-1: Swinging Strike
0-2: Ball
1-2: Ground out 4-3 (Groundball, 4, EV 96.2 MPH)
Batting: RHB Pat Barton 0-0: Ball
1-0: Ball
2-0: Called Strike
2-1: Called Strike
2-2: Fly out, F8 (Flyball, 89D, EV 97.5 MPH)
Batting: RHB Rich Thurman 0-0: Called Strike
0-1: Swinging Strike
0-2: Ball
1-2: Ball
2-2: Ground out 6-3 (Groundball, 6, EV 86.9 MPH)
Bottom of the 4th over - 0 runs, 0 hits, 0 errors, 0 left on base; El Paso 1 - Iowa 1
TOP OF THE 5TH
El Paso Chihuahuas batting - Pitching for Iowa Cubs : RHP Nicolai Volnov
Batting: RHB Kiril Emeshin 0-0: Called Strike
0-1: Reached on error, E6 (Groundball, 6, EV 88.8 MPH)
Batting: LHB Hugo MacBeth 0-0: Called Strike
0-1: Ball
1-1: Swinging Strike
1-2: DOUBLE (Line Drive, 89XD, EV 111.9 MPH)
Kiril Emeshin to third
Batting: SHB Blake Abbott 0-0: Ball
1-0: Ball
2-0: Called Strike
2-1: Foul Ball, location: 2F
2-2: Strikes out swinging, 2-3 out at first.
Batting: LHB Angel Mejia 0-0: Swinging Strike
0-1: Ground out U3 (Groundball, 3L, EV 87.5 MPH)
Batting: RHB Lamberto Amicis 0-0: Foul Ball, location: 2F
0-1: Ground out 6-3 (Groundball, 6M, EV 79.4 MPH)
Top of the 5th over - 0 runs, 1 hit, 1 error, 2 left on base; El Paso 1 - Iowa 1
BOTTOM OF THE 5TH
Iowa Cubs batting - Pitching for El Paso Chihuahuas : RHP Jorge Guerrero
Batting: RHB Tony Mendez 0-0: Ball
1-0: Ball
2-0: Called Strike
2-1: SINGLE (Flyball, 89S, EV 100.6 MPH)
Batting: LHB Sumiki Okuhara 0-0: Ball
1-0: Ball
Tony Mendez steals 2nd base
2-0: Swinging Strike
2-1: Foul Ball, location: 2F
2-2: Ball
3-2: Ground out 3-1 (Groundball, 34, EV 86.2 MPH)
Tony Mendez to third
Batting: RHB Jon Aguilar 0-0: Foul Ball, location: 2F
0-1: Ball
1-1: Foul Ball, location: 2F
1-2: Ball
2-2: SINGLE (Groundball, 13S, EV 65.6 MPH) (infield hit)
Batting: LHB Mark Ingram 0-0: Called Strike
0-1: Foul Ball, location: 2F
0-2: DOUBLE (Line Drive, 78D, EV 105.6 MPH)
Tony Mendez scores
Jon Aguilar to third
Batting: RHB Ricardo Aguinaga 0-0: Ground out 6-3 (Groundball, 6D, EV 86.9 MPH)
Jon Aguilar scores
Batting: SHB Gabriel Cruz 0-0: Ball
1-0: Foul Ball, location: 2F
1-1: Called Strike
1-2: Strikes out swinging
Bottom of the 5th over - 2 runs, 3 hits, 0 errors, 1 left on base; El Paso 1 - Iowa 3
TOP OF THE 6TH
El Paso Chihuahuas batting - Pitching for Iowa Cubs : RHP Nicolai Volnov
Batting: RHB Chase Briney 0-0: SOLO HOME RUN (Flyball, 89XD, EV 98.1 MPH), Distance : 389 ft
Batting: RHB Roberto Lemus 0-0: Called Strike
0-1: Ball
1-1: Fly out, F8 (Flyball, 8LD, EV 97.5 MPH)
Batting: RHB Eric Sandell 0-0: Foul Ball, location: 2F
0-1: Ball
1-1: SINGLE (Groundball, 6, EV 93.8 MPH)
Batting: LHB Anthony Mosley 0-0: Called Strike
0-1: Ball
1-1: Fielders Choice at 2nd, 3-6 (Groundball, 34S, EV 83.8 MPH)
Batting: RHB Kiril Emeshin 0-0: Ball
1-0: Foul Ball, location: 2F
1-1: Ball
2-1: Fly out, F7 (Line Drive, 78M, EV 94.4 MPH)
Top of the 6th over - 1 run, 2 hits, 0 errors, 1 left on base; El Paso 2 - Iowa 3
BOTTOM OF THE 6TH
Iowa Cubs batting - Pitching for El Paso Chihuahuas : RHP Jorge Guerrero
Batting: RHB Adam O'Hare 0-0: Ball
1-0: Ground out 4-3 (Groundball, 34, EV 78.1 MPH)
Batting: RHB Pat Barton 0-0: Ball
1-0: Ball
2-0: Foul Ball, location: 2F
2-1: Fly out, F9 (Flyball, 89M, EV 93.8 MPH)
Batting: RHB Rich Thurman 0-0: Called Strike
0-1: Ball
1-1: Ball
2-1: Swinging Strike
2-2: Strikes out looking
Bottom of the 6th over - 0 runs, 0 hits, 0 errors, 0 left on base; El Paso 2 - Iowa 3
TOP OF THE 7TH
El Paso Chihuahuas batting - Pitching for Iowa Cubs : RHP Nicolai Volnov
Batting: LHB Hugo MacBeth 0-0: Fly out, F7 (Line Drive, 7LM, EV 93.8 MPH)
Batting: SHB Blake Abbott 0-0: Ball
1-0: Called Strike
1-1: Foul Ball, location: 2F
1-2: Ball
2-2: Ball
3-2: Foul Ball, location: 2F
3-2: Ground out 4-3 (Groundball, 4, EV 83.1 MPH)
Batting: LHB Angel Mejia 0-0: Called Strike
0-1: SINGLE (Groundball, 4MD, EV 99.4 MPH)
Pitching: RHP Harry Poindexter
Batting: RHB Lamberto Amicis 0-0: Fielders Choice at 2nd, 6-4 (Groundball, 6, EV 78.8 MPH)
Top of the 7th over - 0 runs, 1 hit, 0 errors, 1 left on base; El Paso 2 - Iowa 3
BOTTOM OF THE 7TH
Iowa Cubs batting - Pitching for El Paso Chihuahuas : RHP Jorge Guerrero
Pitching: RHP Rick Cotner
Batting: RHB Tony Mendez 0-0: Ball
1-0: Called Strike
1-1: Ball
2-1: Foul Ball, location: 2F
2-2: Ball
3-2: SINGLE (Line Drive, 8LS, EV 90.0 MPH)
Batting: LHB Sumiki Okuhara 0-0: Sac Bunt to 15 - play at first, batter OUT! 1-3
Tony Mendez to second
Batting: RHB Jon Aguilar 0-0: Called Strike
0-1: Called Strike
0-2: SINGLE (Groundball, 34D, EV 104.4 MPH)
Tony Mendez to third
Runner from 3rd tries for Home, SAFE, throw by RF to home
Batting: LHB Mark Ingram 0-0: Called Strike
Jon Aguilar is caught stealing 2nd base 2-6
0-1: Foul Ball, location: 2F
0-2: Fly out, F8 (Line Drive, 8RD, EV 93.8 MPH)
Bottom of the 7th over - 1 run, 2 hits, 0 errors, 0 left on base; El Paso 2 - Iowa 4
TOP OF THE 8TH
El Paso Chihuahuas batting - Pitching for Iowa Cubs : RHP Harry Poindexter
Batting: RHB Chase Briney 0-0: Ball
1-0: Ball
2-0: Ground out 6-3 (Groundball, 6, EV 93.1 MPH)
Batting: RHB Roberto Lemus 0-0: SOLO HOME RUN (Flyball, 78XD, EV 100.0 MPH), Distance : 409 ft
Batting: RHB Eric Sandell 0-0: SINGLE (Groundball, 6MD, EV 98.1 MPH)
Batting: LHB Anthony Mosley 0-0: Ball
1-0: Ball
2-0: Ball
3-0: Base on Balls
Eric Sandell to second
Batting: RHB Kiril Emeshin 0-0: Called Strike
0-1: Swinging Strike
0-2: Foul Ball, location: 2F
0-2: Strikes out looking
Batting: LHB Hugo MacBeth 0-0: Ball
1-0: Fly out, F9 (Flyball, 9, EV 89.4 MPH)
Top of the 8th over - 1 run, 2 hits, 0 errors, 2 left on base; El Paso 3 - Iowa 4
BOTTOM OF THE 8TH
Iowa Cubs batting - Pitching for El Paso Chihuahuas : RHP Rick Cotner
Pitching: RHP Rusty Pinard
Batting: RHB Ricardo Aguinaga 0-0: Ball
1-0: Called Strike
1-1: Foul Ball, location: 2F
1-2: Foul Ball, location: 2F
1-2: SINGLE (Line Drive, 6M, EV 106.9 MPH)
Batting: SHB Gabriel Cruz 0-0: Foul Ball, location: 2F
0-1: Grounds into double play, 4-6-3 (Groundball, 4, EV 91.2 MPH)
Batting: RHB Adam O'Hare 0-0: Called Strike
0-1: Swinging Strike
0-2: Ball
1-2: Foul Ball, location: 2F
1-2: Foul Ball, location: 2F
1-2: Foul Ball, location: 2F
1-2: Foul Ball, location: 2F
1-2: Strikes out swinging
Bottom of the 8th over - 0 runs, 1 hit, 0 errors, 0 left on base; El Paso 3 - Iowa 4
TOP OF THE 9TH
El Paso Chihuahuas batting - Pitching for Iowa Cubs : RHP Harry Poindexter
Pitching: RHP Josh Ready
Batting: SHB Blake Abbott 0-0: SINGLE (Groundball, 4MD, EV 101.2 MPH)
Batting: LHB Angel Mejia 0-0: Bunted foul
0-1: Bunt missed!
0-2: Ball
1-2: Ball
2-2: Fly out, F7 (Line Drive, 7LM, EV 101.9 MPH)
Batting: RHB Lamberto Amicis 0-0: Ball
1-0: Fielders Choice at 2nd, 6-4 (Groundball, 6, EV 86.2 MPH)
Batting: RHB Chase Briney 0-0: Swinging Strike
0-1: Ball
Wild Pitch!
Lamberto Amicis to second
1-1: Called Strike
1-2: Ball
2-2: Foul Ball, location: 2F
2-2: Ball
3-2: Strikes out swinging
Top of the 9th over - 0 runs, 1 hit, 0 errors, 1 left on base; El Paso 3 - Iowa 4
Tuesday, March 28th , 2023 - OOTP Baseball 23.10 Build 110